 Dungeon Crawl Stone Soup version 0.20-a0-983-g35de22d (webtiles) character file.

15 M4edhros the Grave Robber (level 2, 0/17 HPs)
             Began as an Octopode Necromancer on Apr 10, 2017.
             Succumbed to an adder's poison
             ... on level 2 of the Dungeon.
             The game lasted 00:00:52 (245 turns).

M4edhros the Grave Robber (Octopode Necromancer)     Turns: 245, Time: 00:00:53

Health: 0/17       AC:  5    Str: 12    XL:     2   Next: 50%
Magic:  1/5        EV: 13    Int: 22    God:
Gold:   0          SH:  0    Dex: 12    Spells: 4/5 levels left

rFire    . . .     SeeInvis .     - Unarmed
rCold    . . .     Gourm    .   (no shield)
rNeg     . . .     Faith    .   (helmet restricted)
rPois    .         Spirit   .   (no amulet)
rElec    .         Reflect  .   d - +2 ring of protection
rCorr    .         Harm     .   h - +2 ring of protection
MR       .....                  (no ring)
Stlth    +++.......             (no ring)
Regen    0.1/turn               (no ring)
MPRegen  0.1/turn               (no ring)
                                (no ring)
                                (no ring)

@: mighty, brilliant, lethally poisoned (0 -> -5), very slightly contaminated
A: almost no armour, stealthy swim, amphibious, 8 rings, constrict 8, camouflage
1, gelatinous body 1
a: no special abilities


You were on level 2 of the Dungeon.
You were not hungry.

You visited 1 branch of the dungeon, and saw 2 of its levels.

Inventory:

Jewellery
 d - a +2 ring of protection (left tentacle)
 h - a +2 ring of protection (right tentacle)
Scrolls
 e - 2 scrolls of identify {unknown}
 g - a scroll of blinking {unknown}
Potions
 i - a potion of might
Books
 a - a book of Necromancy

   Spells                             Type                      Level
   a - Pain                           Necromancy                   1
   b - Animate Skeleton               Necromancy                   1
   c - Vampiric Draining              Necromancy                   3
   d - Regeneration                   Charms/Necromancy            3
   e - Animate Dead                   Necromancy                   4
   f - Control Undead                 Necromancy                   4
Comestibles
 b - a bread ration
 f - a meat ration
 j - 4 fruits


   Skills:
 - Level 2.0 Dodging
 - Level 2.6 Stealth
 + Level 2.0 Unarmed Combat
 - Level 2.0 Spellcasting
 - Level 4.0 Necromancy


You had 4 spell levels left.
You knew the following spells:

 Your Spells              Type           Power        Failure   Level  Hunger
a - Pain                  Necr           ####         1%          1    #......


Dungeon Overview and Level Annotations

Branches:
Dungeon (2/15)

Altars:


Innate Abilities, Weirdness & Mutations

You cannot wear most types of armour.
You are very stealthy in the water. (Stealth+)
You are amphibious.
You can wear up to eight rings at the same time.
You can use your tentacles to constrict eight enemies at once.
Your skin changes colour to match your surroundings (Stealth+).
Your rubbery body absorbs attacks. (AC +1, EV +1)


Message History

You feel sick. The adder barely misses you.
A kobold comes into view.
You tentacle-slap the adder.
You kill the adder!
Your Unarmed Combat skill increases to level 2!
You have reached level 2!
The kobold hits you but does no damage.
Unknown command.
You bludgeon the kobold!
You kill the kobold!
* * * LOW HITPOINT WARNING * * *
You feel sick.
Unknown command.
Casting: Pain
Confirm with . or Enter, or press ? or * to list all spells.
You don't have enough magic to cast that spell.
* * * LOW HITPOINT WARNING * * *
You feel sick.
Okay, then.
You die...

#.######.#
#......#.#
#......#K#
#......#.#
#......#.########.
#.................
#......#...#......
#......#.#........
#......#@###......
#......#.# ######
####..##.#
##..#.#######
####.#.#......
##.............
##.............
#...........###
#........†..#


You could see a kobold.

Vanquished Creatures
  An adder (D:2)
  2 bats (D:1)
  A goblin (D:1)
  A frilled lizard (D:1)
  2 kobolds
  A rat (D:2)
8 creatures vanquished.

Notes
Turn   | Place    | Note
-------+----------+-------------------------------------------
     0 | D:1      | M4edhros the Octopode Necromancer began the quest for the Orb.
     0 | D:1      | Reached XP level 1. HP: 11/11 MP: 3/3
    63 | D:1      | Reached skill level 1 in Unarmed Combat
   236 | D:2      | Reached XP level 2. HP: 3/17 MP: 0/5
   245 | D:2      | Succumbed to an adder's poison

Vault maps used:
D:1:      denvon_arrival_waterhouse
D:2:      old_standard_altar

Skill      XL: |  1 |
---------------+----+-----
Unarmed Combat | 2 |  2.0
Dodging        | |  2.0
Stealth        | |  2.6
Spellcasting   | |  2.0
Necromancy     | |  4.0

Action                   || total
-------------------------++-------
Melee: Unarmed           ||     8
       Constrict         ||     2
       Tentacles         ||     2
 Cast: Pain              ||     7
  Use: Potion            ||     2
Armor: Skin              ||     3
Dodge: Dodged            ||     4
